San Jose Sharks vs Nashville Predators
Created - Sunday, April 9, 2023 at 07:59
Goals
|
| San Jose Sharks |
3 |
0 |
1 |
4 |
| Nashville Predators |
1 |
1 |
0 |
2 |
|
Shots
|
| San Jose Sharks |
14 |
5 |
8 |
27 |
| Nashville Predators |
14 |
10 |
14 |
38 |
|
1st period
1. San Jose Sharks , William Karlsson 14 (Jakob Silfverberg 11, Ryan Strome 8) at 7:32
2. San Jose Sharks , Oliver Bjorkstrand 13 (Ryan Hartman 18, Anthony DeAngelo 9) at 12:29
3. Nashville Predators , Corey Perry 7 (Justin Braun 6, Sam Gagner 12) at 14:01
4. San Jose Sharks , Oliver Bjorkstrand 14 (David Savard 7, Ryan Hartman 19) at 16:48
Penalties :
Ryan Carpenter (NSH) for Hooking (Minor) at 4:34, David Savard (SJS) for High sticking (Minor) at 17:32
2nd period
5. Nashville Predators , Pat Maroon 8 (Zemgus Girgensons 4) at 15:04
Penalties :
Michael Bunting (SJS) for Hooking (Minor) at 1:44, Joel Edmundson (SJS) for High sticking (Minor) at 4:49, Jakob Silfverberg (SJS) for Hooking (Minor) at 12:15, Artem Zub (NSH) for Slashing (Minor) at 17:57
3rd period
6. San Jose Sharks , Ryan Strome 4 (David Savard 8, Ryan Hartman 20) at 11:56
Penalties :
Jakob Silfverberg (SJS) for Slashing (Minor) at 11:22, Pat Maroon (NSH) for Holding (Minor) at 11:46, Anthony DeAngelo (SJS) for Roughing (Minor) at 18:40
Goalie Stats
Marc-Andre Fleury (SJS), 36 saves from 38 shots - (0.947), W, 7-9-1, 60:00 minutes
Alexandar Georgiev (NSH), 23 saves from 27 shots - (0.852), L, 1-1-0, 60:00 minutes
Players Stats for San Jose Sharks
Player Name G A P +/- PIM S H SB GA TA FO MP PP MP PK MP
------------------------------------------------------------------------------------
Andreas Athanasiou 0 0 0 -1 0 2 0 1 0 0 3/11 11:51 0:00 0:00
Anthony DeAngelo 0 1 1 2 2 0 0 1 0 0 0/0 21:29 1:58 4:18
David Savard 0 2 2 2 2 1 0 1 0 0 0/0 23:01 2:24 3:53
Derek Forbort 0 0 0 2 0 1 0 0 0 0 0/0 23:56 2:24 4:47
Henri Jokiharju 0 0 0 2 0 1 1 2 1 0 0/0 22:04 1:58 4:52
Jakob Silfverberg 0 1 1 1 4 3 0 1 0 0 0/1 13:36 2:09 0:00
Jesper Fast 0 0 0 -1 0 1 1 0 0 1 0/0 11:51 0:00 0:00
Joel Edmundson 0 0 0 -2 2 1 1 1 0 2 0/0 14:23 0:00 0:00
Michael Bunting 0 0 0 -1 2 1 0 1 0 0 0/0 12:06 0:00 0:00
Nick Paul 0 0 0 2 0 0 1 0 0 0 0/0 13:34 2:13 0:09
Oliver Bjorkstrand 2 0 2 2 0 4 2 1 1 0 0/4 18:44 2:20 4:38
Oskar Sundqvist 0 0 0 -1 0 0 0 0 0 0 0/5 9:04 0:00 0:00
Ryan Hartman 0 3 3 3 0 2 0 0 0 0 11/21 19:45 2:13 4:43
Ryan Strome 1 1 2 2 0 4 1 2 1 0 9/16 19:51 2:02 4:43
Slater Koekkoek 0 0 0 -2 0 0 1 0 0 0 0/0 15:48 0:00 1:28
Sonny Milano 0 0 0 -1 0 0 1 0 2 0 0/0 9:04 0:00 0:00
Tanner Pearson 0 0 0 -1 0 4 0 1 1 2 0/0 9:23 0:00 0:18
William Karlsson 1 0 1 1 0 2 2 1 0 0 0/1 19:10 2:09 4:47
Players Stats for Nashville Predators
Player Name G A P +/- PIM S H SB GA TA FO MP PP MP PK MP
------------------------------------------------------------------------------------
Artem Zub 0 0 0 0 2 1 1 1 0 0 0/0 19:40 3:28 1:22
Brandon Saad 0 0 0 0 0 5 1 1 0 0 3/9 20:38 5:28 2:46
Cale Makar 0 0 0 -1 0 10 3 2 2 0 0/0 27:55 6:11 2:43
Corey Perry 1 0 1 0 0 1 1 2 0 1 1/1 20:25 5:16 2:45
Jake Muzzin 0 0 0 0 0 1 1 0 1 1 0/0 20:38 3:28 2:17
Janne Kuokkanen 0 0 0 0 0 0 3 1 0 0 0/0 11:49 0:16 0:00
Justin Braun 0 1 1 -1 0 2 0 0 0 0 0/0 27:37 6:11 2:22
Loui Eriksson 0 0 0 -1 0 3 1 0 0 0 1/1 15:02 4:07 0:00
Nate Schmidt 0 0 0 -1 0 0 0 2 0 1 0/0 12:05 0:00 0:00
Nick Bjugstad 0 0 0 0 0 1 1 0 0 1 0/0 11:45 0:00 0:16
Nolan Patrick 0 0 0 -1 0 5 2 0 1 0 2/5 11:19 0:04 0:04
Oliver Kylington 0 0 0 -1 0 1 0 1 0 0 0/0 12:05 0:00 0:00
Pat Maroon 1 0 1 -1 2 2 1 0 0 0 0/0 16:33 4:06 1:27
Riley Nash 0 0 0 -1 0 0 0 0 0 0 0/0 10:33 0:00 0:00
Ryan Carpenter 0 0 0 -1 2 0 0 0 0 0 0/0 10:43 0:00 0:00
Sam Gagner 0 1 1 1 0 2 2 1 0 0 14/25 18:19 5:28 1:22
Thomas Novak 0 0 0 0 0 1 1 0 1 1 7/8 11:52 0:04 0:04
Zemgus Girgensons 0 1 1 -1 0 3 1 0 0 1 8/10 15:02 4:07 0:00
3 Stars
1 - Oliver Bjorkstrand (SJS)
2 - Ryan Hartman (SJS)
3 - Ryan Strome (SJS)
Power Play
San Jose Sharks - 0 on 3 Attempt(s) - 0.00%
Nashville Predators - 0 on 6 Attempt(s) - 0.00%
Penalty Kill
San Jose Sharks - 6 on 6 Attempt(s) - 100.00%
- Score 0 goal in Penalty Kill
Nashville Predators - 3 on 3 Attempt(s) - 100.00%
- Score 0 goal in Penalty Kill
Team Stat
San Jose Sharks - Hits : 11 - Faceoff Wins : 23 - Blocked Shots : 13 - Penalty Minutes : 12
Nashville Predators - Hits : 19 - Faceoff Wins : 36 - Blocked Shots : 11 - Penalty Minutes : 6
Official
Referees : Garrett Rank and Tim Peel
Linesman : Steve Miller and Trent Knorr
Game Notes
18:50 of 3rd period - Nashville Predators goal is going for a video replay. After video review, No Goal. The referee deems the play has been stopped, even if he had not physically had the opportunity to stop play by blowing his whistle.
Finance
Level 1 -- Attendance: 4575 (76.25%) -- Ticket Income $457,500
Level 2 -- Attendance: 4105 (82.10%) -- Ticket Income $246,300
Level 3 -- Attendance: 2491 (83.03%) -- Ticket Income $87,185
Level 4 -- Attendance: 3877 (77.54%) -- Ticket Income $96,925
Luxury Box -- Attendance: 798 (79.80%) -- Ticket Income $159,600
Game was played at the Bridgestone Arena.
Total Attendance: 15846 (79.23%)
Total Ticket Income: $1,047,510
Other Income: $366,628
Total Income: $1,414,138
San Jose Sharks
5 vs 5 Forward
Center Left Wing Right Wing Time % Phy DF OF
1 Ryan Hartman Oliver Bjorkstrand Nick Paul 30 1 2 2
2 Ryan Strome William Karlsson Jakob Silfverberg 30 1 2 2
3 Andreas Athanasiou Michael Bunting Jesper Fast 25 1 2 2
4 Oskar Sundqvist Tanner Pearson Sonny Milano 15 1 2 2
5 vs 5 Defense
Defense Defense Time % Phy DF OF
1 David Savard Derek Forbort 35 1 2 2
2 Anthony DeAngelo Henri Jokiharju 35 1 2 2
3 Joel Edmundson Slater Koekkoek 30 1 2 2
4 David Savard Derek Forbort 0 1 2 2
PowerPlay Forward
Center Left Wing Right Wing Time % Phy DF OF
1 Ryan Hartman Oliver Bjorkstrand Nick Paul 50 1 2 2
2 Ryan Strome William Karlsson Jakob Silfverberg 50 1 2 2
PowerPlay Defense
Defense Defense Time % Phy DF OF
1 David Savard Derek Forbort 50 1 2 2
2 Anthony DeAngelo Henri Jokiharju 50 1 2 2
Penalty Kill 4 Players Forward
Center Wing Time % Phy DF OF
1 Ryan Hartman Ryan Strome 50 1 2 2
2 Oliver Bjorkstrand William Karlsson 50 1 2 2
Penalty Kill 4 Players Defense
Defense Defense Time % Phy DF OF
1 David Savard Derek Forbort 50 1 2 2
2 Anthony DeAngelo Henri Jokiharju 50 1 2 2
Penalty Kill - 3 Players Forward
Forward Time % Phy DF OF
1 Ryan Hartman 50 1 2 2
2 Ryan Strome 50 1 2 2
Penalty Kill - 3 Players Defense
Defense Defense Time % Phy DF OF
1 David Savard Derek Forbort 50 1 2 2
2 Anthony DeAngelo Henri Jokiharju 50 1 2 2
4 vs 4 Forward
Center Wing Time % Phy DF OF
1 Ryan Hartman Ryan Strome 50 1 2 2
2 Oliver Bjorkstrand William Karlsson 50 1 2 2
4 vs 4 Defense
Defense Defense Time % Phy DF OF
1 David Savard Derek Forbort 50 1 2 2
2 Anthony DeAngelo Henri Jokiharju 50 1 2 2
Last Minutes Offensive
Center Left Wing Right Wing Defense Defense
Ryan Hartman Oliver Bjorkstrand Nick Paul David Savard Derek Forbort
Last Minutes Defensive
Center Left Wing Right Wing Defense Defense
Ryan Hartman Oliver Bjorkstrand Nick Paul David Savard Derek Forbort
Goaltenders
Starting : Marc-Andre Fleury
Backup : Malcolm Subban
Extra Forwards
Normal : Sonny Milano, Michael Bunting, Tanner Pearson - PP : Sonny Milano, Michael Bunting - PK : Tanner Pearson
Extra Defensemen
Normal : David Savard, Slater Koekkoek, Anthony DeAngelo - PP : Derek Forbort - PK : Slater Koekkoek, Anthony DeAngelo
Penalty Shots
Ryan Hartman, Ryan Strome, Oliver Bjorkstrand, William Karlsson, Nick Paul
Nashville Predators
5 vs 5 Forward
Center Left Wing Right Wing Time % Phy DF OF
1 Sam Gagner Brandon Saad Corey Perry 26 1 2 2
2 Zemgus Girgensons Pat Maroon Loui Eriksson 25 1 2 2
3 Thomas Novak Janne Kuokkanen Nick Bjugstad 25 1 2 2
4 Nolan Patrick Riley Nash Ryan Carpenter 24 1 2 2
5 vs 5 Defense
Defense Defense Time % Phy DF OF
1 Cale Makar Justin Braun 40 1 2 2
2 Artem Zub Jake Muzzin 30 1 2 2
3 Oliver Kylington Nate Schmidt 20 1 2 2
4 Cale Makar Justin Braun 10 1 2 2
PowerPlay Forward
Center Left Wing Right Wing Time % Phy DF OF
1 Sam Gagner Brandon Saad Corey Perry 60 1 2 2
2 Zemgus Girgensons Pat Maroon Loui Eriksson 40 1 2 2
PowerPlay Defense
Defense Defense Time % Phy DF OF
1 Cale Makar Justin Braun 60 1 2 2
2 Artem Zub Jake Muzzin 40 1 2 2
Penalty Kill 4 Players Forward
Center Wing Time % Phy DF OF
1 Brandon Saad Corey Perry 60 1 2 2
2 Sam Gagner Pat Maroon 40 1 2 2
Penalty Kill 4 Players Defense
Defense Defense Time % Phy DF OF
1 Cale Makar Justin Braun 60 1 2 2
2 Artem Zub Jake Muzzin 40 1 2 2
Penalty Kill - 3 Players Forward
Forward Time % Phy DF OF
1 Brandon Saad 60 1 2 2
2 Corey Perry 40 1 2 2
Penalty Kill - 3 Players Defense
Defense Defense Time % Phy DF OF
1 Cale Makar Justin Braun 60 1 2 2
2 Artem Zub Jake Muzzin 40 1 2 2
4 vs 4 Forward
Center Wing Time % Phy DF OF
1 Brandon Saad Corey Perry 60 1 2 2
2 Sam Gagner Pat Maroon 40 1 2 2
4 vs 4 Defense
Defense Defense Time % Phy DF OF
1 Cale Makar Justin Braun 60 1 2 2
2 Artem Zub Jake Muzzin 40 1 2 2
Last Minutes Offensive
Center Left Wing Right Wing Defense Defense
Sam Gagner Brandon Saad Corey Perry Cale Makar Justin Braun
Last Minutes Defensive
Center Left Wing Right Wing Defense Defense
Sam Gagner Brandon Saad Corey Perry Cale Makar Justin Braun
Goaltenders
Starting : Alexandar Georgiev
Backup : Adin Hill
Extra Forwards
Normal : Nolan Patrick, Thomas Novak, Nick Bjugstad - PP : Janne Kuokkanen, Thomas Novak - PK : Nick Bjugstad
Extra Defensemen
Normal : Oliver Kylington, Jake Muzzin, Artem Zub - PP : Oliver Kylington - PK : Jake Muzzin, Artem Zub
Penalty Shots
Brandon Saad, Corey Perry, Sam Gagner, Pat Maroon, Zemgus Girgensons
% Time on Ice - San Jose Sharks
Lines # - Real PCT - Wanted PCT - Time Play
Normal Forward
1 - 27% - 30% - 12:00
2 - 26% - 30% - 11:29
3 - 27% - 25% - 11:51
4 - 20% - 15% - 9:04
Normal Defense
1 - 33% - 35% - 14:52
2 - 33% - 35% - 14:32
3 - 32% - 30% - 14:00
4 - 2% - 0% - 1:00
PP Forward
1 - 51% - 50% - 2:13
2 - 49% - 50% - 2:09
PP Defense
1 - 55% - 50% - 2:24
2 - 45% - 50% - 1:58
PK Forward
1 - 49% - 50% - 4:43
2 - 51% - 50% - 4:56
PK Defense
1 - 50% - 50% - 4:47
2 - 50% - 50% - 4:52
PK3 Forward
1 - 0% - 50%
2 - 0% - 50%
PK3 Defense
1 - 0% - 50%
2 - 0% - 50%
44 Forward
1 - 52% - 50% - 0:49
2 - 48% - 50% - 0:46
44 Defense
1 - 56% - 50% - 0:53
2 - 44% - 50% - 0:42
Last Minute Offensive - 0:00
Last Minute Defensive - 0:00
Total
Forward - 60:00
Defense - 60:00
|
% Time on Ice - Nashville Predators
Lines # - Real PCT - Wanted PCT - Time Play
Normal Forward
1 - 26% - 26% - 11:33
2 - 25% - 25% - 11:00
3 - 25% - 25% - 11:18
4 - 24% - 24% - 10:33
Normal Defense
1 - 38% - 40% - 16:50
2 - 33% - 30% - 14:48
3 - 27% - 20% - 12:05
4 - 2% - 10% - 0:41
PP Forward
1 - 57% - 60% - 5:32
2 - 43% - 40% - 4:07
PP Defense
1 - 64% - 60% - 6:11
2 - 36% - 40% - 3:28
PK Forward
1 - 69% - 60% - 3:00
2 - 31% - 40% - 1:22
PK Defense
1 - 48% - 60% - 2:05
2 - 52% - 40% - 2:17
PK3 Forward
1 - 0% - 60%
2 - 0% - 40%
PK3 Defense
1 - 0% - 60%
2 - 0% - 40%
44 Forward
1 - 81% - 60% - 1:17
2 - 19% - 40% - 0:18
44 Defense
1 - 95% - 60% - 1:30
2 - 5% - 40% - 0:05
Last Minute Offensive - 0:00
Last Minute Defensive - 0:00
Total
Forward - 60:00
Defense - 60:00
|
Play-by-Play
1st period
0:01 of 1st period - Sam Gagner wins face-off versus Ryan Hartman in neutral zone.
0:48 of 1st period - Snap shot by Tanner Pearson.
0:48 of 1st period - Stopped by Alexandar Georgiev without a rebound.
0:49 of 1st period - Thomas Novak wins face-off versus Oskar Sundqvist in Nashville Predators zone.
1:55 of 1st period - Wrist shot by Nolan Patrick.
1:55 of 1st period - Stopped by Marc-Andre Fleury without a rebound.
1:56 of 1st period - Sam Gagner wins face-off versus Ryan Strome in San Jose Sharks zone.
2:01 of 1st period - Snap shot by Brandon Saad.
2:01 of 1st period - Shot Blocked by Jakob Silfverberg.
2:23 of 1st period - Michael Bunting is hit by Janne Kuokkanen and loses puck.
2:53 of 1st period - Slapshot by Cale Makar.
2:53 of 1st period - Stopped by Marc-Andre Fleury with a rebound.
2:55 of 1st period - Slapshot by Justin Braun.
2:55 of 1st period - Deflect By Zemgus Girgensons.
2:55 of 1st period - Shot Blocked by Oliver Bjorkstrand.
2:55 of 1st period - Puck is out of play.
2:56 of 1st period - Ryan Strome wins face-off versus Sam Gagner in San Jose Sharks zone.
4:12 of 1st period - Wrist shot by Brandon Saad.
4:12 of 1st period - Stopped by Marc-Andre Fleury without a rebound.
4:13 of 1st period - Andreas Athanasiou wins face-off versus Nolan Patrick in San Jose Sharks zone.
4:34 of 1st period - Minor Penalty to Ryan Carpenter for Hooking.
4:35 of 1st period - Corey Perry wins face-off versus Oliver Bjorkstrand in Nashville Predators zone.
5:26 of 1st period - Slapshot by Ryan Hartman.
5:26 of 1st period - Stopped by Alexandar Georgiev without a rebound.
5:27 of 1st period - Ryan Hartman wins face-off versus Sam Gagner in Nashville Predators zone.
6:22 of 1st period - Justin Braun is hit by Henri Jokiharju and loses puck.
6:34 of 1st period - Penalty to Ryan Carpenter is over, Ryan Carpenter is back on ice.
6:39 of 1st period - Brandon Saad is hit by Jesper Fast and loses puck.
6:44 of 1st period - Backhand shot by Michael Bunting.
6:44 of 1st period - Deflect By Andreas Athanasiou.
6:44 of 1st period - Stopped by Alexandar Georgiev without a rebound.
6:45 of 1st period - Thomas Novak wins face-off versus Andreas Athanasiou in Nashville Predators zone.
7:12 of 1st period - Slapshot by Andreas Athanasiou.
7:12 of 1st period - Shot Misses the Net.
7:18 of 1st period - Slapshot by Jesper Fast.
7:18 of 1st period - Stopped by Alexandar Georgiev without a rebound.
7:19 of 1st period - Ryan Strome wins face-off versus Zemgus Girgensons in Nashville Predators zone.
7:26 of 1st period - Wrist shot by Ryan Strome.
7:26 of 1st period - Stopped by Alexandar Georgiev with a rebound.
7:28 of 1st period - Snap shot by Jakob Silfverberg.
7:28 of 1st period - Shot Misses the Net.
7:30 of 1st period - Slapshot by William Karlsson.
7:30 of 1st period - Stopped by Alexandar Georgiev with a rebound.
7:32 of 1st period - Snap shot by William Karlsson.
7:32 of 1st period - Goal by William Karlsson - San Jose Sharks : 1 - Nashville Predators : 0.
7:33 of 1st period - Zemgus Girgensons wins face-off versus Jakob Silfverberg in neutral zone.
7:36 of 1st period - Snap shot by Cale Makar.
7:36 of 1st period - Stopped by Marc-Andre Fleury with a rebound.
8:00 of 1st period - Oliver Bjorkstrand is hit by Cale Makar and loses puck.
8:19 of 1st period - Wrist shot by Tanner Pearson.
8:19 of 1st period - Stopped by Alexandar Georgiev with a rebound.
8:25 of 1st period - David Savard is hit by Corey Perry and loses puck.
9:04 of 1st period - Off-side.
9:05 of 1st period - Zemgus Girgensons wins face-off versus Ryan Strome in neutral zone.
9:59 of 1st period - Slapshot by Cale Makar.
9:59 of 1st period - Stopped by Marc-Andre Fleury without a rebound.
10:00 of 1st period - Thomas Novak wins face-off versus Ryan Hartman in San Jose Sharks zone.
10:03 of 1st period - Backhand shot by Thomas Novak.
10:03 of 1st period - Stopped by Marc-Andre Fleury with a rebound.
11:14 of 1st period - Wrist shot by Nolan Patrick.
11:14 of 1st period - Stopped by Marc-Andre Fleury with a rebound.
11:16 of 1st period - Slapshot by Jake Muzzin.
11:16 of 1st period - Stopped by Marc-Andre Fleury without a rebound.
11:17 of 1st period - Sam Gagner wins face-off versus Ryan Strome in San Jose Sharks zone.
11:44 of 1st period - Ryan Hartman is hit by Cale Makar and loses puck.
12:05 of 1st period - Snap shot by Zemgus Girgensons.
12:05 of 1st period - Shot Blocked by Anthony DeAngelo.
12:07 of 1st period - Slapshot by Zemgus Girgensons.
12:07 of 1st period - Stopped by Marc-Andre Fleury with a rebound.
12:09 of 1st period - Snap shot by Loui Eriksson.
12:09 of 1st period - Stopped by Marc-Andre Fleury with a rebound.
12:21 of 1st period - Snap shot by Oliver Bjorkstrand.
12:21 of 1st period - Shot Misses the Net.
12:23 of 1st period - Snap shot by Oliver Bjorkstrand.
12:23 of 1st period - Shot Misses the Net.
12:25 of 1st period - Wrist shot by Ryan Hartman.
12:25 of 1st period - Shot Misses the Net.
12:27 of 1st period - Wrist shot by Ryan Hartman.
12:27 of 1st period - Shot Misses the Net.
12:29 of 1st period - Wrist shot by Oliver Bjorkstrand.
12:29 of 1st period - Goal by Oliver Bjorkstrand - San Jose Sharks : 2 - Nashville Predators : 0.
12:30 of 1st period - Sam Gagner wins face-off versus Andreas Athanasiou in neutral zone.
13:18 of 1st period - Janne Kuokkanen is hit by Sonny Milano and loses puck.
13:39 of 1st period - Snap shot by Ryan Hartman.
13:39 of 1st period - Shot Blocked by Nate Schmidt.
13:41 of 1st period - Slapshot by Derek Forbort.
13:41 of 1st period - Shot Misses the Net.
13:45 of 1st period - Wrist shot by Oliver Bjorkstrand.
13:45 of 1st period - Stopped by Alexandar Georgiev without a rebound.
13:46 of 1st period - Sam Gagner wins face-off versus Andreas Athanasiou in Nashville Predators zone.
13:57 of 1st period - Snap shot by Sam Gagner.
13:57 of 1st period - Stopped by Marc-Andre Fleury with a rebound.
13:59 of 1st period - Slapshot by Justin Braun.
13:59 of 1st period - Shot Blocked by Joel Edmundson.
14:01 of 1st period - Snap shot by Corey Perry.
14:01 of 1st period - Goal by Corey Perry - San Jose Sharks : 2 - Nashville Predators : 1.
14:02 of 1st period - Nolan Patrick wins face-off versus Ryan Strome in neutral zone.
14:34 of 1st period - Nick Paul is hit by Thomas Novak and loses puck.
15:27 of 1st period - Icing by Anthony DeAngelo.
15:28 of 1st period - Loui Eriksson wins face-off versus Oskar Sundqvist in San Jose Sharks zone.
15:41 of 1st period - Slapshot by Nick Bjugstad.
15:41 of 1st period - Stopped by Marc-Andre Fleury without a rebound.
15:42 of 1st period - Sam Gagner wins face-off versus Ryan Strome in San Jose Sharks zone.
15:43 of 1st period - Snap shot by Brandon Saad.
15:43 of 1st period - Shot Blocked by Ryan Strome.
16:11 of 1st period - Off-side.
16:12 of 1st period - Zemgus Girgensons wins face-off versus Ryan Hartman in neutral zone.
16:25 of 1st period - Wrist shot by Loui Eriksson.
16:25 of 1st period - Stopped by Marc-Andre Fleury with a rebound.
16:27 of 1st period - Slapshot by Pat Maroon.
16:27 of 1st period - Shot Blocked by Henri Jokiharju.
16:42 of 1st period - Snap shot by Ryan Hartman.
16:42 of 1st period - Shot Misses the Net.
16:44 of 1st period - Snap shot by Ryan Hartman.
16:44 of 1st period - Shot Misses the Net.
16:46 of 1st period - Slapshot by David Savard.
16:46 of 1st period - Stopped by Alexandar Georgiev with a rebound.
16:48 of 1st period - Wrist shot by Oliver Bjorkstrand.
16:48 of 1st period - Goal by Oliver Bjorkstrand - San Jose Sharks : 3 - Nashville Predators : 1.
16:49 of 1st period - Thomas Novak wins face-off versus Andreas Athanasiou in neutral zone.
17:32 of 1st period - Minor Penalty to David Savard for High sticking.
17:33 of 1st period - Sam Gagner wins face-off versus Ryan Hartman in San Jose Sharks zone.
17:46 of 1st period - Slapshot by Cale Makar.
17:46 of 1st period - Deflect By Corey Perry.
17:46 of 1st period - Deflect By Oliver Bjorkstrand.
17:46 of 1st period - Shot Misses the Net.
17:46 of 1st period - Puck is out of play.
17:47 of 1st period - Sam Gagner wins face-off versus Oliver Bjorkstrand in San Jose Sharks zone.
18:42 of 1st period - Wrist shot by Ryan Hartman.
18:42 of 1st period - Deflect By Loui Eriksson.
18:42 of 1st period - Stopped by Alexandar Georgiev with a rebound.
19:32 of 1st period - Penalty to David Savard is over, David Savard is back on ice.
19:49 of 1st period - Wrist shot by Ryan Strome.
19:49 of 1st period - Shot Misses the Net.
19:51 of 1st period - Slapshot by Derek Forbort.
19:51 of 1st period - Deflect By Cale Makar.
19:51 of 1st period - Stopped by Alexandar Georgiev without a rebound.
19:52 of 1st period - Thomas Novak wins face-off versus Andreas Athanasiou in Nashville Predators zone.
Goals for this period are 3 for San Jose Sharks vs 1 for Nashville Predators.
Shots for this period are 14 for San Jose Sharks vs 14 for Nashville Predators.
2nd period
0:01 of 2nd period - Sam Gagner wins face-off versus Andreas Athanasiou in neutral zone.
0:26 of 2nd period - Justin Braun is hit by Joel Edmundson and loses puck.
1:08 of 2nd period - Sonny Milano is hit by Pat Maroon and loses puck.
1:36 of 2nd period - Snap shot by Brandon Saad.
1:36 of 2nd period - Shot Blocked by Michael Bunting.
1:38 of 2nd period - Slapshot by Artem Zub.
1:38 of 2nd period - Stopped by Marc-Andre Fleury with a rebound.
1:44 of 2nd period - Minor Penalty to Michael Bunting for Hooking.
1:45 of 2nd period - Ryan Hartman wins face-off versus Sam Gagner in San Jose Sharks zone.
3:13 of 2nd period - Artem Zub is hit by Oliver Bjorkstrand and loses puck.
3:44 of 2nd period - Penalty to Michael Bunting is over, Michael Bunting is back on ice.
3:52 of 2nd period - Ryan Strome is hit by Janne Kuokkanen and loses puck.
4:05 of 2nd period - Wrist shot by Nolan Patrick.
4:05 of 2nd period - Shot Blocked by Tanner Pearson.
4:07 of 2nd period - Slapshot by Oliver Kylington.
4:07 of 2nd period - Stopped by Marc-Andre Fleury with a rebound.
4:09 of 2nd period - Snap shot by Nolan Patrick.
4:09 of 2nd period - Stopped by Marc-Andre Fleury without a rebound.
4:10 of 2nd period - Thomas Novak wins face-off versus Oskar Sundqvist in San Jose Sharks zone.
4:49 of 2nd period - Minor Penalty to Joel Edmundson for High sticking.
4:50 of 2nd period - Sam Gagner wins face-off versus Ryan Hartman in San Jose Sharks zone.
5:26 of 2nd period - Wrist shot by Zemgus Girgensons.
5:26 of 2nd period - Deflect By Pat Maroon.
5:26 of 2nd period - Stopped by Marc-Andre Fleury with a rebound.
6:49 of 2nd period - Penalty to Joel Edmundson is over, Joel Edmundson is back on ice.
6:55 of 2nd period - Henri Jokiharju is hit by Jake Muzzin and loses puck.
7:27 of 2nd period - Snap shot by Michael Bunting.
7:27 of 2nd period - Shot Misses the Net.
7:29 of 2nd period - Slapshot by Henri Jokiharju.
7:29 of 2nd period - Stopped by Alexandar Georgiev with a rebound.
7:43 of 2nd period - Snap shot by Tanner Pearson.
7:43 of 2nd period - Stopped by Alexandar Georgiev with a rebound.
7:47 of 2nd period - Slapshot by Tanner Pearson.
7:47 of 2nd period - Shot Blocked by Janne Kuokkanen.
7:49 of 2nd period - Snap shot by Tanner Pearson.
7:49 of 2nd period - Shot Misses the Net.
8:21 of 2nd period - Sonny Milano is hit by Sam Gagner and loses puck.
9:00 of 2nd period - Slapshot by Cale Makar.
9:00 of 2nd period - Stopped by Marc-Andre Fleury without a rebound.
9:01 of 2nd period - Zemgus Girgensons wins face-off versus Andreas Athanasiou in San Jose Sharks zone.
9:02 of 2nd period - Snap shot by Loui Eriksson.
9:02 of 2nd period - Deflect By Zemgus Girgensons.
9:02 of 2nd period - Stopped by Marc-Andre Fleury with a rebound.
9:04 of 2nd period - Snap shot by Loui Eriksson.
9:04 of 2nd period - Stopped by Marc-Andre Fleury without a rebound.
9:05 of 2nd period - Andreas Athanasiou wins face-off versus Sam Gagner in San Jose Sharks zone.
9:42 of 2nd period - Snap shot by Nick Bjugstad.
9:42 of 2nd period - Deflect By Michael Bunting.
9:42 of 2nd period - Shot Misses the Net.
9:42 of 2nd period - Puck is out of play.
9:43 of 2nd period - Ryan Strome wins face-off versus Zemgus Girgensons in San Jose Sharks zone.
10:12 of 2nd period - Snap shot by Corey Perry.
10:12 of 2nd period - Shot Misses the Net.
10:17 of 2nd period - Wrist shot by Brandon Saad.
10:17 of 2nd period - Stopped by Marc-Andre Fleury with a rebound.
11:19 of 2nd period - Derek Forbort is hit by Artem Zub and loses puck.
12:06 of 2nd period - Slapshot by Corey Perry.
12:06 of 2nd period - Shot Blocked by Andreas Athanasiou.
12:08 of 2nd period - Wrist shot by Sam Gagner.
12:08 of 2nd period - Stopped by Marc-Andre Fleury without a rebound.
12:09 of 2nd period - Sam Gagner wins face-off versus Ryan Strome in San Jose Sharks zone.
12:15 of 2nd period - Minor Penalty to Jakob Silfverberg for Hooking.
12:16 of 2nd period - Ryan Hartman wins face-off versus Sam Gagner in San Jose Sharks zone.
14:15 of 2nd period - Penalty to Jakob Silfverberg is over, Jakob Silfverberg is back on ice.
14:28 of 2nd period - Backhand shot by Michael Bunting.
14:28 of 2nd period - Stopped by Alexandar Georgiev without a rebound.
14:29 of 2nd period - Nolan Patrick wins face-off versus Andreas Athanasiou in Nashville Predators zone.
14:56 of 2nd period - Slater Koekkoek is hit by Janne Kuokkanen and loses puck.
15:02 of 2nd period - Icing by Oskar Sundqvist.
15:03 of 2nd period - Zemgus Girgensons wins face-off versus Oskar Sundqvist in San Jose Sharks zone.
15:04 of 2nd period - Slapshot by Pat Maroon.
15:04 of 2nd period - Goal by Pat Maroon - San Jose Sharks : 3 - Nashville Predators : 2.
15:05 of 2nd period - Ryan Strome wins face-off versus Brandon Saad in neutral zone.
15:21 of 2nd period - Slapshot by Anthony DeAngelo.
15:21 of 2nd period - Shot Blocked by Corey Perry.
16:41 of 2nd period - Ryan Strome is hit by Brandon Saad and loses puck.
17:04 of 2nd period - Snap shot by Ryan Hartman.
17:04 of 2nd period - Shot Blocked by Oliver Kylington.
17:29 of 2nd period - Snap shot by Thomas Novak.
17:29 of 2nd period - Shot Misses the Net.
17:48 of 2nd period - Slapshot by Michael Bunting.
17:48 of 2nd period - Deflect By Andreas Athanasiou.
17:48 of 2nd period - Stopped by Alexandar Georgiev without a rebound.
17:49 of 2nd period - Ryan Strome wins face-off versus Sam Gagner in Nashville Predators zone.
17:57 of 2nd period - Minor Penalty to Artem Zub for Slashing.
17:58 of 2nd period - Ryan Hartman wins face-off versus Brandon Saad in Nashville Predators zone.
18:00 of 2nd period - Wrist shot by Oliver Bjorkstrand.
18:00 of 2nd period - Stopped by Alexandar Georgiev without a rebound.
18:01 of 2nd period - Ryan Hartman wins face-off versus Brandon Saad in Nashville Predators zone.
19:01 of 2nd period - Icing by Henri Jokiharju.
19:02 of 2nd period - Ryan Hartman wins face-off versus Brandon Saad in San Jose Sharks zone.
19:21 of 2nd period - William Karlsson is hit by Sam Gagner and loses puck.
19:52 of 2nd period - Jake Muzzin is hit by William Karlsson and loses puck.
19:57 of 2nd period - Penalty to Artem Zub is over, Artem Zub is back on ice.
Goals for this period are 0 for San Jose Sharks vs 1 for Nashville Predators.
Shots for this period are 5 for San Jose Sharks vs 10 for Nashville Predators.
3rd period
0:01 of 3rd period - Ryan Strome wins face-off versus Sam Gagner in neutral zone.
0:12 of 3rd period - Slapshot by Cale Makar.
0:12 of 3rd period - Stopped by Marc-Andre Fleury with a rebound.
1:18 of 3rd period - Snap shot by Tanner Pearson.
1:18 of 3rd period - Shot Misses the Net.
1:40 of 3rd period - Cale Makar is hit by Ryan Strome and loses puck.
1:55 of 3rd period - Joel Edmundson is hit by Nick Bjugstad and loses puck.
2:37 of 3rd period - Slapshot by Nolan Patrick.
2:37 of 3rd period - Shot Blocked by Henri Jokiharju.
2:45 of 3rd period - Wrist shot by Nolan Patrick.
2:45 of 3rd period - Stopped by Marc-Andre Fleury without a rebound.
2:46 of 3rd period - Ryan Strome wins face-off versus Sam Gagner in San Jose Sharks zone.
2:51 of 3rd period - Wrist shot by William Karlsson.
2:51 of 3rd period - Shot Misses the Net.
2:53 of 3rd period - Slapshot by David Savard.
2:53 of 3rd period - Shot Misses the Net.
3:19 of 3rd period - Cale Makar is hit by Nick Paul.
3:53 of 3rd period - Oskar Sundqvist is hit by Nolan Patrick and loses puck.
3:58 of 3rd period - Snap shot by Nolan Patrick.
3:58 of 3rd period - Shot Misses the Net.
4:06 of 3rd period - Slapshot by Joel Edmundson.
4:06 of 3rd period - Stopped by Alexandar Georgiev with a rebound.
6:07 of 3rd period - Off-side.
6:08 of 3rd period - Ryan Strome wins face-off versus Sam Gagner in neutral zone.
6:17 of 3rd period - Wrist shot by Jakob Silfverberg.
6:17 of 3rd period - Stopped by Alexandar Georgiev without a rebound.
6:18 of 3rd period - Ryan Strome wins face-off versus Brandon Saad in Nashville Predators zone.
6:29 of 3rd period - Wrist shot by William Karlsson.
6:29 of 3rd period - Deflect By Jakob Silfverberg.
6:29 of 3rd period - Stopped by Alexandar Georgiev with a rebound.
6:31 of 3rd period - Slapshot by Anthony DeAngelo.
6:31 of 3rd period - Shot Blocked by Brandon Saad.
6:33 of 3rd period - Slapshot by Ryan Strome.
6:33 of 3rd period - Stopped by Alexandar Georgiev without a rebound.
6:34 of 3rd period - Ryan Hartman wins face-off versus Thomas Novak in Nashville Predators zone.
6:45 of 3rd period - Wrist shot by Oliver Bjorkstrand.
6:45 of 3rd period - Shot Blocked by Cale Makar.
6:47 of 3rd period - Slapshot by Anthony DeAngelo.
6:47 of 3rd period - Shot Misses the Net.
6:49 of 3rd period - Slapshot by Henri Jokiharju.
6:49 of 3rd period - Shot Misses the Net.
7:24 of 3rd period - David Savard is hit by Loui Eriksson and loses puck.
7:49 of 3rd period - Snap shot by Jakob Silfverberg.
7:49 of 3rd period - Stopped by Alexandar Georgiev without a rebound.
7:50 of 3rd period - Sam Gagner wins face-off versus Ryan Hartman in Nashville Predators zone.
8:17 of 3rd period - Justin Braun is hit by William Karlsson and loses puck.
8:42 of 3rd period - Andreas Athanasiou is hit by Nolan Patrick and loses puck.
9:05 of 3rd period - Wrist shot by Sonny Milano.
9:05 of 3rd period - Shot Blocked by Nate Schmidt.
9:23 of 3rd period - Slapshot by Brandon Saad.
9:23 of 3rd period - Stopped by Marc-Andre Fleury without a rebound.
9:24 of 3rd period - Zemgus Girgensons wins face-off versus William Karlsson in San Jose Sharks zone.
9:31 of 3rd period - Snap shot by Zemgus Girgensons.
9:31 of 3rd period - Shot Misses the Net.
9:33 of 3rd period - Wrist shot by Justin Braun.
9:33 of 3rd period - Shot Blocked by Ryan Strome.
9:35 of 3rd period - Slapshot by Cale Makar.
9:35 of 3rd period - Shot Blocked by William Karlsson.
9:37 of 3rd period - Slapshot by Pat Maroon.
9:37 of 3rd period - Deflect By Jakob Silfverberg.
9:37 of 3rd period - Shot Misses the Net.
9:37 of 3rd period - Puck is out of play.
9:38 of 3rd period - Ryan Hartman wins face-off versus Nolan Patrick in San Jose Sharks zone.
9:43 of 3rd period - Nolan Patrick is hit by Oliver Bjorkstrand and loses puck.
10:34 of 3rd period - Slapshot by Nick Bjugstad.
10:34 of 3rd period - Shot Misses the Net.
11:11 of 3rd period - Slapshot by Zemgus Girgensons.
11:11 of 3rd period - Stopped by Marc-Andre Fleury without a rebound.
11:12 of 3rd period - Zemgus Girgensons wins face-off versus Ryan Strome in San Jose Sharks zone.
11:22 of 3rd period - Minor Penalty to Jakob Silfverberg for Slashing.
11:23 of 3rd period - Sam Gagner wins face-off versus Ryan Hartman in San Jose Sharks zone.
11:23 of 3rd period - Slapshot by Cale Makar.
11:23 of 3rd period - Stopped by Marc-Andre Fleury with a rebound.
11:46 of 3rd period - Minor Penalty to Pat Maroon for Holding.
11:47 of 3rd period - Ryan Hartman wins face-off versus Brandon Saad in Nashville Predators zone.
11:50 of 3rd period - Backhand shot by Ryan Hartman.
11:50 of 3rd period - Shot Blocked by Corey Perry.
11:52 of 3rd period - Wrist shot by Ryan Strome.
11:52 of 3rd period - Stopped by Alexandar Georgiev with a rebound.
11:54 of 3rd period - Snap shot by David Savard.
11:54 of 3rd period - Shot Blocked by Cale Makar.
11:56 of 3rd period - Slapshot by Ryan Strome.
11:56 of 3rd period - Goal by Ryan Strome - San Jose Sharks : 4 - Nashville Predators : 2.
11:57 of 3rd period - Brandon Saad wins face-off versus Oliver Bjorkstrand in neutral zone.
12:04 of 3rd period - Slapshot by Cale Makar.
12:04 of 3rd period - Shot Misses the Net.
12:06 of 3rd period - Slapshot by Justin Braun.
12:06 of 3rd period - Stopped by Marc-Andre Fleury without a rebound.
12:07 of 3rd period - Brandon Saad wins face-off versus Oliver Bjorkstrand in San Jose Sharks zone.
12:08 of 3rd period - Slapshot by Cale Makar.
12:08 of 3rd period - Stopped by Marc-Andre Fleury without a rebound.
12:09 of 3rd period - Brandon Saad wins face-off versus Ryan Hartman in San Jose Sharks zone.
13:00 of 3rd period - Wrist shot by Nolan Patrick.
13:00 of 3rd period - Stopped by Marc-Andre Fleury with a rebound.
13:22 of 3rd period - Penalty to Jakob Silfverberg is over, Jakob Silfverberg is back on ice.
13:46 of 3rd period - Penalty to Pat Maroon is over, Pat Maroon is back on ice.
14:52 of 3rd period - Snap shot by Zemgus Girgensons.
14:52 of 3rd period - Shot Misses the Net.
15:16 of 3rd period - Michael Bunting is hit by Zemgus Girgensons and loses puck.
16:27 of 3rd period - Slapshot by Ryan Strome.
16:27 of 3rd period - Shot Misses the Net.
16:49 of 3rd period - Snap shot by Oliver Bjorkstrand.
16:49 of 3rd period - Deflect By Brandon Saad.
16:49 of 3rd period - Shot Blocked by Sam Gagner.
16:49 of 3rd period - Puck is out of play.
16:50 of 3rd period - Ryan Hartman wins face-off versus Sam Gagner in Nashville Predators zone.
17:20 of 3rd period - Snap shot by Anthony DeAngelo.
17:20 of 3rd period - Shot Blocked by Artem Zub.
17:26 of 3rd period - Snap shot by Ryan Hartman.
17:26 of 3rd period - Shot Misses the Net.
17:28 of 3rd period - Slapshot by Ryan Hartman.
17:28 of 3rd period - Deflect By Oliver Bjorkstrand.
17:28 of 3rd period - Shot Misses the Net.
17:28 of 3rd period - Puck is out of play.
17:29 of 3rd period - Andreas Athanasiou wins face-off versus Nolan Patrick in Nashville Predators zone.
17:32 of 3rd period - Wrist shot by Andreas Athanasiou.
17:32 of 3rd period - Shot Hit the Post.
17:54 of 3rd period - Janne Kuokkanen is hit by Slater Koekkoek and loses puck.
17:59 of 3rd period - Snap shot by Tanner Pearson.
17:59 of 3rd period - Stopped by Alexandar Georgiev without a rebound.
18:00 of 3rd period - Thomas Novak wins face-off versus Oskar Sundqvist in Nashville Predators zone.
18:40 of 3rd period - Minor Penalty to Anthony DeAngelo for Roughing.
18:41 of 3rd period - Sam Gagner wins face-off versus Ryan Hartman in San Jose Sharks zone.
18:44 of 3rd period - Snap shot by Cale Makar.
18:44 of 3rd period - Shot Blocked by David Savard.
18:46 of 3rd period - Backhand shot by Cale Makar.
18:46 of 3rd period - Stopped by Marc-Andre Fleury with a rebound.
18:48 of 3rd period - Slapshot by Brandon Saad.
18:48 of 3rd period - Stopped by Marc-Andre Fleury with a rebound.
18:50 of 3rd period - Snap shot by Brandon Saad.
18:50 of 3rd period - Nashville Predators goal is going for a video replay.
18:50 of 3rd period - The goal is refused. The referee deems the play has been stopped, even if he had not physically had the opportunity to stop play by blowing his whistle..
18:51 of 3rd period - Ryan Hartman wins face-off versus Sam Gagner in San Jose Sharks zone.
18:51 of 3rd period - Ryan Hartman is hit by Cale Makar.
19:05 of 3rd period - Slapshot by Cale Makar.
19:05 of 3rd period - Stopped by Marc-Andre Fleury with a rebound.
19:07 of 3rd period - Slapshot by Cale Makar.
19:07 of 3rd period - Stopped by Marc-Andre Fleury with a rebound.
19:09 of 3rd period - Wrist shot by Justin Braun.
19:09 of 3rd period - Stopped by Marc-Andre Fleury without a rebound.
19:10 of 3rd period - Zemgus Girgensons wins face-off versus Ryan Hartman in San Jose Sharks zone.
Goals for this period are 1 for San Jose Sharks vs 0 for Nashville Predators.
Shots for this period are 8 for San Jose Sharks vs 14 for Nashville Predators.
Back to the Top